Map: Dusk Towers

Players

RoloTomassey

  • Race: Terran Terran
  • League: Platinum

LilDicky - Winner!

  • Race: Terran Terran
  • League: Diamond

VOD

http://www.twitch.tv/tumescentpie

Description

Time

  • Played on: Dec. 3, 2015, 1:03 p.m.
  • Length: 7:43
Show
View Real Time Build Order
Export as new Build Order

RoloTomassey Terran 

Build Orders:  

Get SALT Encoding   

  12  0:01  SCV  
  13  0:13  SCV  
  14  0:18  Supply Depot  
  14  0:25  SCV  
  15  0:28  Refinery  
  15  0:40  SCV  
  16  0:47  Barracks  
  16  0:52  SCV  
  17  1:04  SCV  
  18  1:16  SCV  
  19  1:28  SCV  
  20  1:36  Supply Depot  
  20  1:37  Reaper  
  21  1:40  Orbital Command  
  20  2:09  SCV  
  20  2:14  Factory  
  21  2:19  Command Center  
  21  2:27  Barracks Reactor, SCV  
  21  2:28  Barracks  
  22  2:39  SCV  
  23  2:55  SCV  
  24  2:59  Refinery  
  24  3:00  Factory Tech Lab  
  24  3:05  Starport  
  24  3:07  SCV  
  24  3:10  Marine x2  
  27  3:17  Barracks Tech Lab  
  27  3:19  SCV  
  28  3:21  Widow Mine  
  30  3:28  Marine  
  30  3:29  Engineering Bay  
  30  3:30  Marine  
  32  3:49  Orbital Command  
  32  3:50  Refinery  
  32  3:54  Starport Tech Lab  
  32  3:55  SCV  
  33  3:56  Siege Tank  
  33  4:00  Refinery  
  36  4:09  SCV  
  37  4:10  Liberator  
  37  4:14  Missile Turret  
  37  4:15  SCV  
  38  4:21  SCV  
  39  4:25  Missile Turret  
  39  4:27  SCV  
  43  4:33  SCV  
  44  4:45  SCV  
  45  4:53  Command Center, SCV  
  45  4:58  Missile Turret  
  46  5:03  Fusion Core  
  46  5:10  SCV, Liberator  
  45  5:16  Supply Depot  
  42  5:23  Marine x3  
  45  5:32  SCV  
  45  5:34  Missile Turret  
  45  5:39  Missile Turret  
  45  5:41  Marine  
  33  5:57  SCV  
  33  6:00  Liberator  
  31  6:09  SCV  
  35  6:19  Siege Tank  
  38  6:34  Supply Depot x2  
  38  6:46  Missile Turret  
  38  6:55  Marine  
  38  6:56  SCV x2  
  41  7:05  Command Center  
  41  7:08  SCV  
Show
View Real Time Build Order
Export as new Build Order

LilDicky Terran - Winner!

Build Orders: Banshee Rush 

Get SALT Encoding   

  12  0:01  SCV  
  13  0:17  Supply Depot  
  13  0:21  SCV  
  14  0:33  SCV  
  14  0:34  Refinery  
  15  0:41  Barracks  
  15  0:51  SCV  
  16  1:03  SCV  
  17  1:16  SCV  
  18  1:29  Reaper  
  18  1:31  Orbital Command  
  19  1:33  Supply Depot  
  19  1:58  SCV  
  20  2:02  Refinery  
  20  2:05  Marine  
  21  2:08  Factory  
  21  2:10  SCV  
  22  2:21  Supply Depot  
  22  2:22  SCV  
  23  2:23  Marine  
  23  2:34  SCV  
  24  2:52  Marine  
  24  2:53  Factory Tech Lab, Starport  
  24  2:54  SCV  
  26  3:06  SCV  
  26  3:10  Command Center  
  26  3:12  Marine  
  28  3:20  Supply Depot, SCV  
  29  3:32  Widow Mine  
  31  3:36  Cloaking Field  
  31  3:48  SCV  
  31  3:49  Banshee  
  31  3:51  Marine  
  31  3:54  Engineering Bay  
  35  4:00  SCV  
  38  4:08  Factory Tech Lab  
  36  4:12  SCV  
  36  4:15  Marine  
  38  4:22  Missile Turret  
  38  4:24  Orbital Command  
  38  4:27  Missile Turret  
  38  4:31  Siege Tank  
  38  4:32  SCV  
  38  4:35  Banshee  
  43  4:44  SCV  
  45  4:50  Barracks Tech Lab  
  44  4:56  SCV  
  44  4:57  Barracks  
  44  4:58  Barracks  
  45  5:04  Siege Tank  
  48  5:39  Marine  
  48  5:41  Siege Tank  
  48  5:42  Banshee, SCV  
  56  5:47  Missile Turret  
  56  5:57  Marine  
  46  6:04  Marine x2  
  48  6:14  Marine  
  49  6:22  Marine  
  49  6:25  Viking  
  52  6:29  Marine  
  52  6:32  Marine  
  53  6:34  Cyclone  
  57  6:40  Marine  
  57  6:43  SCV x2  
  60  6:56  Command Center  
  54  7:23  Marine x3  
Tags
 
Add a new tag
Caveats
  • Supply blocks, unpowered buildings, or Contaminate may cause inaccurate times.
  • Supply counts are checked every 10 seconds.